Map: New Repugnancy LE

Players

Neeblet (Neeb)

  • Race: Protoss Protoss
  • League: Grandmaster
  • Spawn Location: 7:00

TSGSolar (Solar) - Winner!

  • Race: Zerg Zerg
  • League: Diamond
  • Spawn Location: 1:00

Event: 2019 Assembly Summer

VOD

Have the link to the VOD?

Description

Time

  • Played on: Aug. 1, 2019, 11:20 a.m.
  • Length: 6:44

All games in this series

Show
View Real Time Build Order
Export as new Build Order

Neeblet Protoss 

Build Orders: 1 Gate Expand 

Get SALT Encoding   

  12  0:00  Probe  
  13  0:12  Probe  
  14  0:18  Pylon  
  14  0:24  Probe  
  15  0:32  Probe  
  15  0:40  Gateway, Probe  
  17  0:50  Assimilator  
  17  0:53  Probe  
  18  1:06  Probe  
  19  1:18  Probe  
  20  1:28  Cybernetics Core  
  20  1:37  Nexus  
  20  1:40  Probe  
  21  1:48  Pylon  
  21  1:52  Probe  
  22  1:55  Assimilator  
  22  1:57  Adept  
  22  2:04  Probe  
  25  2:17  Probe, Adept  
  25  2:20  Robotics Facility  
  26  2:29  Probe  
  29  2:32  Warp Gate  
  29  2:39  Stalker  
  29  2:41  Probe  
  30  2:50  Probe  
  33  2:53  Probe  
  34  3:01  Gateway  
  34  3:02  Warp Prism, Probe  
  35  3:06  Probe  
  38  3:16  Sentry  
  38  3:18  Probe  
  41  3:22  Probe  
  42  3:30  Probe  
  41  3:34  Probe  
  42  3:42  Probe  
  42  3:47  Probe  
  42  3:48  Immortal  
  42  3:53  Pylon  
  46  3:58  Assimilator  
  46  3:59  Pylon  
  46  4:06  Pylon  
  46  4:11  Probe x2  
  46  4:16  Immortal  
  48  4:23  Probe x2, Adept  
  48  4:24  Adept  
  58  4:35  Probe  
  59  4:39  Gateway  
  59  4:40  Gateway  
  59  4:43  Gateway  
  59  4:49  Sentry x2  
  63  4:53  Immortal  
  67  5:07  Gateway  
  67  5:08  Gateway  
  67  5:09  Gateway  
  67  5:14  Sentry  
  69  5:16  Pylon  
  69  5:18  Pylon  
  69  5:26  Observer  
  69  5:33  Pylon  
  69  5:34  Pylon  
  69  5:35  Sentry x2  
  72  5:37  Zealot x2  
  78  5:48  Adept  
  80  6:00  Zealot x2, Sentry x2  
  80  6:02  Zealot x2  
  80  6:03  Zealot  
  94  6:10  Pylon  
  94  6:11  Pylon  
  78  6:32  Zealot x5  
  86  6:33  Stalker  
  86  6:34  Stalker  
Show
View Real Time Build Order
Export as new Build Order

TSGSolar Zerg - Winner!

Build Orders: Hatch First 

Get SALT Encoding   

  12  0:01  Drone  
  13  0:12  Drone  
  14  0:18  Overlord  
  14  0:23  Drone, Extractor  
  15  0:37  Drone x2  
  17  0:53  Hatchery  
  17  0:56  Drone  
  17  0:59  Drone  
  18  1:06  Extractor  
  17  1:15  Spawning Pool  
  17  1:17  Drone  
  17  1:20  Drone  
  18  1:28  Drone  
  19  1:38  Drone  
  20  1:49  Overlord  
  20  2:02  Queen  
  20  2:05  Queen  
  20  2:06  Zergling x4  
  26  2:12  Metabolic Boost  
  26  2:15  Drone  
  27  2:16  Drone  
  28  2:27  Drone x2  
  30  2:39  Hatchery  
  30  2:41  Zergling x2  
  30  2:43  Drone  
  30  2:47  Drone  
  31  2:51  Overlord  
  31  2:54  Zergling x2  
  32  2:59  Zergling x2  
  32  3:04  Zergling x2  
  34  3:11  Drone  
  35  3:14  Zergling x2  
  35  3:15  Drone x2  
  37  3:20  Queen  
  37  3:23  Drone x2  
  37  3:26  Drone  
  41  3:29  Drone x2  
  41  3:36  Queen  
  41  3:40  Overlord  
  43  3:42  Drone  
  43  3:51  Drone x2  
  43  3:52  Drone  
  43  3:55  Drone  
  47  4:00  Drone  
  47  4:02  Drone  
  49  4:04  Drone x3  
  49  4:09  Roach Warren  
  52  4:10  Drone  
  52  4:11  Overlord  
  52  4:14  Drone  
  53  4:21  Zergling x4  
  53  4:23  Extractor  
  54  4:24  Overlord  
  54  4:27  Zergling x2  
  54  4:28  Zergling x4  
  57  4:33  Zergling x10  
  57  4:36  Drone  
  62  4:41  Drone  
  62  4:43  Drone  
  64  4:47  Overlord  
  64  4:51  Drone  
  65  4:53  Drone  
  65  4:55  Drone  
  65  4:59  Roach x2, Extractor  
  70  5:00  Roach  
  70  5:03  Overlord  
  70  5:05  Overlord  
  70  5:06  Roach x4  
  78  5:14  Roach x2  
  82  5:16  Overlord  
  82  5:19  Overlord  
  81  5:26  Roach x3  
  87  5:32  Roach x2  
  87  5:35  Zergling x10  
  96  5:37  Zergling x2  
  96  5:38  Zergling x2  
  96  5:40  Zergling x4  
  100  5:48  Overlord, Ravager x3  
  100  5:49  Zergling x2  
  104  5:50  Zergling x2  
  104  5:55  Overlord  
  104  5:58  Zergling x2  
  104  6:02  Ravager  
  104  6:03  Zergling x12  
  104  6:04  Zergling x2  
  112  6:08  Zergling x6  
  112  6:10  Ravager  
  116  6:13  Overlord  
  116  6:16  Zergling x4  
  114  6:23  Zergling x4  
  98  6:39  Ravager  
Tags
 
Add a new tag
Caveats
  • Supply blocks, unpowered buildings, or Contaminate may cause inaccurate times.
  • Supply counts are checked every 10 seconds.